3A
BELLEVUE BRUINS @ PROVO MANGO
05/31/2022
 
TOP OF THE 1ST
Bellevue Bruins batting - Pitching for Provo Mango : RHP Jason Troughton
Pitching: RHP Jason Troughton
Batting: RHB Jesús Vargas 0-0: Ball
1-0: Ball
2-0: Ball
3-0: Foul Ball, location: 2F
3-1: Called Strike
3-2: SINGLE (Flyball, 78S)
Batting: RHB Nelson Abbey 0-0: Ball
1-0: Ball
2-0: SINGLE (Groundball, 56)
Jesús Vargas to second
Batting: LHB Javier Sánchez 0-0: Hit by Pitch
Jesús Vargas to third
Nelson Abbey to second
Batting: RHB Iván Vega 0-0: Called Strike
0-1: Foul Ball, location: 2F
0-2: Strikes out swinging
Batting: RHB Leo Shoemaker 0-0: Swinging Strike
0-1: Foul Ball, location: 2F
0-2: Ball
1-2: Ball
2-2: Strikes out swinging
Batting: RHB Nick Hoskins 0-0: Ground out 4-3 (Groundball, 4)
Top of the 1st over - 0 run(s), 2 hit(s), 0 error(s), 3 left on base; Bellevue 0 - Provo 0
BOTTOM OF THE 1ST
Provo Mango batting - Pitching for Bellevue Bruins : LHP Rafael Rivera
Pitching: LHP Rafael Rivera
Batting: RHB Cristián Lima 0-0: Hit by Pitch
Batting: LHB Akihito Nishiyama 0-0: Ball
1-0: SINGLE (Line Drive, 9LS)
Cristián Lima to second
Runner from 2nd tries for 3rd, SAFE, throw made to third
Batting: RHB Logan Manning 0-0: Fly out, F9 (Flyball, 9LS)
Runner from 3rd tags up, SCORES, throw made
Batting: RHB Rubén Campos 0-0: Ball
1-0: Grounds into double play, 5-4-3 (Groundball, 5)
Bottom of the 1st over - 1 run(s), 1 hit(s), 0 error(s), 0 left on base; Bellevue 0 - Provo 1
TOP OF THE 2ND
Bellevue Bruins batting - Pitching for Provo Mango : RHP Jason Troughton
Batting: SHB Arsenio Sameiro 0-0: Called Strike
0-1: Reached on error, E4 (Groundball, 34)
Batting: SHB Jesús Rodríguez 0-0: Ball
1-0: Called Strike
1-1: Called Strike
1-2: Strikes out looking
Batting: SHB Ramón García 0-0: Ground out 4-3 (Groundball, 4M)
Arsenio Sameiro to third
Batting: RHB Jesús Vargas 0-0: Called Strike
0-1: Called Strike
0-2: Ground out 6-3 (Groundball, 6M)
Top of the 2nd over - 0 run(s), 0 hit(s), 1 error(s), 1 left on base; Bellevue 0 - Provo 1
BOTTOM OF THE 2ND
Provo Mango batting - Pitching for Bellevue Bruins : LHP Rafael Rivera
Batting: RHB Lúcio Sánchez 0-0: Ball
1-0: Ball
2-0: Called Strike
2-1: Foul Ball, location: 2F
2-2: SINGLE (Flyball, 9LS)
Batting: LHB Armando Villarreal 0-0: Ball
1-0: Ball
2-0: Ball
3-0: Called Strike
3-1: Called Strike
3-2: Base on Balls
Lúcio Sánchez to second
Batting: RHB Salvador Noriega 0-0: Called Strike
0-1: Ball
1-1: Grounds into double play, 6-4-3 (Groundball, 6)
Lúcio Sánchez to third
Batting: RHB Xavier Hernández 0-0: Called Strike
0-1: Ball
1-1: Swinging Strike
1-2: Strikes out looking
Bottom of the 2nd over - 0 run(s), 1 hit(s), 0 error(s), 1 left on base; Bellevue 0 - Provo 1
TOP OF THE 3RD
Bellevue Bruins batting - Pitching for Provo Mango : RHP Jason Troughton
Batting: RHB Nelson Abbey 0-0: Swinging Strike
0-1: Foul Ball, location: 2F
0-2: Ball
1-2: Foul Ball, location: 2F
1-2: Ground out 5-3 (Groundball, 56)
Batting: LHB Javier Sánchez 0-0: Ball
1-0: Ball
2-0: Ball
3-0: Base on Balls
Batting: RHB Iván Vega 0-0: Ball
1-0: Ball
2-0: Called Strike
2-1: DOUBLE (Line Drive, 7LM)
Javier Sánchez to third
Batting: RHB Leo Shoemaker 0-0: Called Strike
0-1: Swinging Strike
0-2: Ball
1-2: Foul Ball, location: 2F
1-2: Ball
2-2: SINGLE (Groundball, 15S) (infield hit)
Batting: RHB Nick Hoskins 0-0: Ball
1-0: Called Strike
1-1: Fly out, F2 (Popup, 25F)
Batting: SHB Arsenio Sameiro 0-0: Ball
1-0: SINGLE (Flyball, 8LS)
Javier Sánchez scores
Iván Vega to third
Leo Shoemaker to second
Throwing error, E8
Iván Vega scores
Leo Shoemaker to third
Arsenio Sameiro to second
Batting: SHB Jesús Rodríguez 0-0: Ball
1-0: Ground out U3 (Groundball, 3)
Top of the 3rd over - 2 run(s), 3 hit(s), 1 error(s), 2 left on base; Bellevue 2 - Provo 1
BOTTOM OF THE 3RD
Provo Mango batting - Pitching for Bellevue Bruins : LHP Rafael Rivera
Batting: RHB John Moss 0-0: Foul Ball, location: 2F
0-1: Foul Ball, location: 2F
0-2: Ball
1-2: Foul Ball, location: 2F
1-2: Strikes out looking
Batting: RHB Cristián Lima 0-0: Fly out, F3 (Popup, 13S)
Batting: LHB Akihito Nishiyama 0-0: Fly out, F7 (Flyball, 7S)
Bottom of the 3rd over - 0 run(s), 0 hit(s), 0 error(s), 0 left on base; Bellevue 2 - Provo 1
TOP OF THE 4TH
Bellevue Bruins batting - Pitching for Provo Mango : RHP Jason Troughton
Batting: SHB Ramón García 0-0: Called Strike
0-1: Ball
1-1: Ball
2-1: Ball
3-1: Foul Ball, location: 2F
3-2: TRIPLE (Line Drive, 89D)
Batting: RHB Jesús Vargas 0-0: Called Strike
0-1: Foul Ball, location: 2F
0-2: Strikes out swinging
Batting: RHB Nelson Abbey 0-0: Ball
1-0: Called Strike
1-1: Ball
2-1: Foul Ball, location: 2F
2-2: Strikes out swinging
Batting: LHB Javier Sánchez 0-0: Called Strike
0-1: Ball
1-1: Swinging Strike
1-2: Strikes out swinging
Top of the 4th over - 0 run(s), 1 hit(s), 0 error(s), 1 left on base; Bellevue 2 - Provo 1
BOTTOM OF THE 4TH
Provo Mango batting - Pitching for Bellevue Bruins : LHP Rafael Rivera
Batting: RHB Logan Manning 0-0: Called Strike
0-1: SINGLE (Flyball, 7S)
Batting: RHB Rubén Campos 0-0: Called Strike
Logan Manning steals 2nd base
0-1: Fly out, F6 (Popup, 6MD)
Batting: RHB Lúcio Sánchez 0-0: Ground out 6-3 (Groundball, 6)
Batting: LHB Armando Villarreal 0-0: Ball
1-0: Ball
2-0: Called Strike
2-1: Foul Ball, location: 2F
2-2: Strikes out swinging
Bottom of the 4th over - 0 run(s), 1 hit(s), 0 error(s), 1 left on base; Bellevue 2 - Provo 1
TOP OF THE 5TH
Bellevue Bruins batting - Pitching for Provo Mango : RHP Jason Troughton
Batting: RHB Iván Vega 0-0: Foul Ball, location: 2F
0-1: Swinging Strike
0-2: Strikes out swinging
Batting: RHB Leo Shoemaker 0-0: Ball
1-0: Ball
2-0: Called Strike
2-1: SINGLE (Groundball, 15) (infield hit)
Batting: RHB Nick Hoskins 0-0: Ball
1-0: Called Strike
1-1: Swinging Strike
1-2: Strikes out swinging
Batting: SHB Arsenio Sameiro 0-0: Called Strike
0-1: Ball
1-1: Swinging Strike
1-2: Strikes out swinging
Top of the 5th over - 0 run(s), 1 hit(s), 0 error(s), 1 left on base; Bellevue 2 - Provo 1
BOTTOM OF THE 5TH
Provo Mango batting - Pitching for Bellevue Bruins : LHP Rafael Rivera
Batting: RHB Salvador Noriega 0-0: Ball
1-0: Called Strike
1-1: SINGLE (Flyball, 78S)
Batting: RHB Xavier Hernández 0-0: Sac Bunt - play at first, batter OUT! 5-3
Salvador Noriega to second
Batting: RHB John Moss 0-0: Ground out 6-3 (Groundball, 6)
Salvador Noriega to third
Batting: RHB Cristián Lima 0-0: Called Strike
0-1: Ball
1-1: Ball
2-1: Foul Ball, location: 2F
2-2: Foul Ball, location: 2F
2-2: SINGLE (Line Drive, 9LM)
Salvador Noriega scores
Batting: LHB Akihito Nishiyama 0-0: Called Strike
Cristián Lima steals 2nd base
0-1: Swinging Strike
0-2: Ground out 4-3 (Groundball, 4)
Bottom of the 5th over - 1 run(s), 2 hit(s), 0 error(s), 1 left on base; Bellevue 2 - Provo 2
TOP OF THE 6TH
Bellevue Bruins batting - Pitching for Provo Mango : RHP Jason Troughton
Batting: SHB Jesús Rodríguez 0-0: Foul Ball, location: 2F
0-1: Swinging Strike
0-2: Ball
1-2: Ball
2-2: Foul Ball, location: 2F
2-2: Fly out, F5 (Line Drive, 56S)
Batting: SHB Ramón García 0-0: Called Strike
0-1: Foul Ball, location: 2F
0-2: Strikes out swinging
Batting: RHB Jesús Vargas 0-0: Called Strike
0-1: DOUBLE (Flyball, 7LM)
Batting: RHB Nelson Abbey 0-0: Called Strike
0-1: Ground out 5-3 (Groundball, 5S)
Top of the 6th over - 0 run(s), 1 hit(s), 0 error(s), 1 left on base; Bellevue 2 - Provo 2
BOTTOM OF THE 6TH
Provo Mango batting - Pitching for Bellevue Bruins : LHP Rafael Rivera
Batting: RHB Logan Manning 0-0: Ball
1-0: Ball
2-0: SINGLE (Flyball, 89S)
Batting: RHB Rubén Campos 0-0: Fly out, F9 (Flyball, 9LM)
Batting: RHB Lúcio Sánchez 0-0: Ball
1-0: Ball
2-0: Swinging Strike
2-1: Ball
3-1: Ground out 4-3 (Groundball, 4M)
Logan Manning to second
Batting: LHB Armando Villarreal 0-0: Ball
1-0: Foul Ball, location: 2F
1-1: Ball
2-1: SINGLE (Groundball, 15S) (infield hit)
Logan Manning to third
Batting: RHB Salvador Noriega 0-0: Called Strike
0-1: Ball
1-1: DOUBLE (Flyball, 8LM)
Logan Manning scores
Armando Villarreal to third
Batting: RHB Xavier Hernández 0-0: Ball
1-0: Ball
2-0: Foul Ball, location: 2F
2-1: Called Strike
2-2: Ball
3-2: Base on Balls
Batting: RHB John Moss 0-0: Ball
1-0: Ball
2-0: Ball
3-0: Base on Balls
Armando Villarreal scores
Salvador Noriega to third
Xavier Hernández to second
Batting: RHB Cristián Lima 0-0: Ball
1-0: Called Strike
1-1: DOUBLE (Line Drive, 9LM)
Salvador Noriega scores
Xavier Hernández scores
John Moss to third
Runner from 3rd tries for Home, SAFE, no throw or cutoff
Pitching: RHP Jesús Díaz
Batting: LHB Akihito Nishiyama 0-0: Ball
1-0: Ball
2-0: SINGLE (Groundball, 4MD)
Cristián Lima to third
Runner from 3rd tries for Home, SAFE, no throw or cutoff
Batting: RHB Logan Manning 0-0: Called Strike
0-1: Foul Ball, location: 2F
0-2: Strikes out swinging
Bottom of the 6th over - 6 run(s), 5 hit(s), 0 error(s), 1 left on base; Bellevue 2 - Provo 8
TOP OF THE 7TH
Bellevue Bruins batting - Pitching for Provo Mango : RHP Jason Troughton
Batting: LHB Javier Sánchez 0-0: Called Strike
0-1: Swinging Strike
0-2: Ball
1-2: Foul Ball, location: 2F
1-2: Strikes out swinging
Batting: RHB Iván Vega 0-0: Ball
1-0: Foul Ball, location: 2F
1-1: Swinging Strike
1-2: Ball
2-2: Strikes out swinging
Batting: RHB Leo Shoemaker 0-0: Ball
1-0: SINGLE (Groundball, 34D)
Pitching: RHP Robert Olson
Batting: RHB Nick Hoskins 0-0: Called Strike
0-1: Ball
1-1: Ball
2-1: SINGLE (Flyball, 9S)
Leo Shoemaker to second
Runner from 2nd tries for 3rd, OUT!
Top of the 7th over - 0 run(s), 2 hit(s), 0 error(s), 1 left on base; Bellevue 2 - Provo 8
BOTTOM OF THE 7TH
Provo Mango batting - Pitching for Bellevue Bruins : RHP Jesús Díaz
Batting: RHB Rubén Campos 0-0: Ball
1-0: Called Strike
1-1: Ball
2-1: Called Strike
2-2: Ball
3-2: Base on Balls
Batting: RHB Lúcio Sánchez 0-0: Ball
Rubén Campos steals 2nd base
1-0: Called Strike
1-1: Called Strike
1-2: Fly out, F8 (Flyball, 8LM)
Batting: LHB Armando Villarreal 0-0: Called Strike
Rubén Campos is caught stealing 3rd base
0-1: Ball
1-1: Swinging Strike
1-2: Strikes out swinging
Bottom of the 7th over - 0 run(s), 0 hit(s), 0 error(s), 0 left on base; Bellevue 2 - Provo 8
TOP OF THE 8TH
Bellevue Bruins batting - Pitching for Provo Mango : RHP Robert Olson
Now at C: Santiago Ramos
Batting: SHB Arsenio Sameiro 0-0: Ball
1-0: Called Strike
1-1: Fly out, F7 (Flyball, 7S)
Batting: SHB Jesús Rodríguez 0-0: Ground out 4-3 (Groundball, 34)
Batting: SHB Ramón García 0-0: Called Strike
0-1: Ball
1-1: Swinging Strike
1-2: Ball
2-2: Ball
3-2: Strikes out looking
Top of the 8th over - 0 run(s), 0 hit(s), 0 error(s), 0 left on base; Bellevue 2 - Provo 8
BOTTOM OF THE 8TH
Provo Mango batting - Pitching for Bellevue Bruins : RHP Jesús Díaz
Batting: RHB Salvador Noriega 0-0: SINGLE (Flyball, 7S)
Batting: RHB Xavier Hernández 0-0: Bunted foul
0-1: Bunted foul
0-2: Ball
Salvador Noriega steals 2nd base
1-2: Ground out 6-3 (Groundball, 6M)
Salvador Noriega to third
Batting: RHB John Moss 0-0: Called Strike
0-1: Called Strike
0-2: Ball
1-2: Ball
2-2: Strikes out swinging
Batting: RHB Cristián Lima 0-0: SINGLE (Line Drive, 4MD)
Salvador Noriega scores
Batting: LHB Akihito Nishiyama 0-0: Ball
1-0: Ball
Cristián Lima is caught stealing 2nd base
Bottom of the 8th over - 1 run(s), 2 hit(s), 0 error(s), 0 left on base; Bellevue 2 - Provo 9
TOP OF THE 9TH
Bellevue Bruins batting - Pitching for Provo Mango : RHP Robert Olson
Pinch Hitting: LHB Jim Unknown 0-0: Called Strike
0-1: Ball
1-1: Called Strike
1-2: Ball
2-2: Ball
3-2: Strikes out looking
Batting: RHB Nelson Abbey 0-0: Called Strike
0-1: Ground out 6-3 (Groundball, 6)
Batting: LHB Javier Sánchez 0-0: Fly out, F8 (Line Drive, 8RS)
Top of the 9th over - 0 run(s), 0 hit(s), 0 error(s), 0 left on base; Bellevue 2 - Provo 9
This league is powered by Out of the Park Baseball, the baseball management simulation game for PC, Mac and Linux
Friday, April 15th, 2016 - OOTP Baseball 16.9 Build 39